 Dungeon Crawl Stone Soup version 0.30-a0-845-g7c6808c8ce (webtiles) character file.

Game seed: 5145995219419003714

749 cforsyth the Sneak (level 8, -2/79 HPs)
             Began as a Kobold Brigand on Mar 3, 2023.
             Slain by a lemure (7 damage)
             ... led by Pikel
             ... on level 4 of the Dungeon.
             The game lasted 00:07:14 (4385 turns).

cforsyth the Sneak (Kobold Brigand)                 Turns: 4385, Time: 00:07:15

Health: -2/79      AC: 24    Str:  6 (7)  XL:     8   Next: 6%
Magic:  8/8        EV:  3    Int:  6 (9)  God:
Gold:   227        SH:  0    Dex: 20 (23) Spells: 7/7 levels left

rFire   + . .      SeeInvis .    l - +1 short sword (drain)
rCold   + . .      Faith    .    (no shield)
rNeg    . . .      Spirit   .    b - melded +0 robe
rPois   +          Reflect  .    (helmet currently unavailable)
rElec   +          Rampage  .    w - melded +2 cloak
rCorr   +          NoTele   +    D - melded +0 pair of gloves
Will    .....                    k - melded +0 pair of boots
Stlth   +++++                    (no amulet)
HPRegen 0.33/turn                (no ring)
MPRegen 0.11/turn                (no ring)

@: mighty, tree-form, resistant, attractive
A: stationary, stasis, torment immunity, boosted hp, small, no large weapons,
nightstalker 3, agile 1, dopey 1, robust 1, (shaggy fur 1), wild magic 1
a: no special abilities


You were on level 4 of the Dungeon.
You were a tree.
You visited 1 branch of the dungeon, and saw 7 of its levels.

You collected 227 gold pieces.

Inventory:

Hand Weapons
 a - a +2 dagger
 l - a +1 short sword of draining (weapon)
Missiles
 d - 15 poisoned darts (quivered)
 e - 3 curare-tipped darts
Armour
 b - a +0 robe (melded)
 k - a +0 pair of boots (melded)
 w - a +2 cloak (melded)
 D - a +0 pair of gloves (melded)
Wands
 v - a wand of iceblast (8)
 z - a wand of paralysis (12)
 E - a wand of flame (21)
Scrolls
 c - a scroll of noise {unknown}
 f - 5 scrolls of enchant weapon {unknown}
 g - a scroll of vulnerability {unknown}
 h - a scroll of acquirement {unknown}
 i - a scroll of summoning {unknown}
 j - 4 scrolls of amnesia {unknown}
 o - 3 scrolls of identify {unknown}
 q - 5 scrolls of teleportation {unknown}
 t - a scroll of torment {unknown}
 x - a scroll of immolation {unknown}
 y - a scroll of magic mapping {unknown}
 A - a scroll of fear {unknown}
 B - a scroll of poison {unknown}
 G - a scroll of enchant armour {unknown}
Potions
 m - 3 potions of mutation
 n - 4 potions of flight
 p - a potion of lignification
 r - a potion of resistance


   Skills:
 + Level 5.1 Fighting
 + Level 6.0 Short Blades
 - Level 2.1 Throwing
 + Level 4.9 Dodging
 + Level 7.9 Stealth


You had 7 spell levels left.
You didn't know any spells.
Your spell library contained the following spells:

 Spells                   Type           Power      Damage    Failure   Level
 Slow                     Hex            0%         N/A       54%         1
 Scorch                   Fire           0%         2d5       67%         2
 Dazzling Flash           Conj/Hex       0%         N/A       88%         3
 Anguish                  Hex/Necr       0%         N/A       99%         4
 Flame Wave               Conj/Fire      0%         2d4       99%         4
 Summon Cactus Giant      Summ           0%         N/A       100%        6


Dungeon Overview and Level Annotations

Branches:
Dungeon (7/15)
 Temple: D:4-7

Altars:

Shops:
D:3 !


Innate Abilities, Weirdness & Mutations

You are a tree.
Your roots penetrate the ground, keeping you stationary.
You cannot be teleported.
You are immune to unholy pain and torment.
Your maximum health is greatly increased.
Your equipment is partially melded.
You are small and have problems with some larger weapons.
You are completely attuned to the shadows.
You are agile. (Dex +4, Str/Int -1)
You are dopey. (Int -2)
You are robust. (+10% HP)
((You are covered in fur. (AC +1)))
Your spells are a little harder to cast, but a little more powerful.


Message History

The lemure is moderately wounded.
The lemure hits you but does no damage.
You hit the lemure.
The lemure is moderately wounded.
The lemure hits you.
* * * LOW HITPOINT WARNING * * *
It was a potion of might.
You feel very mighty all of a sudden. The lemure hits you.
* * * LOW HITPOINT WARNING * * *
Unknown command.
It was a potion of degeneration.
There was something very wrong with that liquid.
You feel weakened.
You feel dopey.
You feel clumsy. The lemure hits you.
* * * LOW HITPOINT WARNING * * *
You feel better. The lemure hits you.
* * * LOW HITPOINT WARNING * * *
Unknown command.
It was a potion of attraction.
You feel attractive to monsters. The lemure hits you but does no damage.
Okay, then.
Unknown command.
You barely miss the lemure.
The lemure is moderately wounded.
The lemure hits you but does no damage.
You puncture the lemure!
The lemure is severely wounded.
You hit the lemure. You punch the lemure.
The lemure is almost dead.
The lemure hits you but does no damage.
You hit the lemure.
You kill the lemure!
That felt strangely unrewarding.
You completely miss the lemure. You hit the lemure.
The lemure is lightly wounded.
The lemure hits you!
You die...

#######################
#.....................#
#.####......#########.#
#.# #.####.# #.#
#.####.# ##'##### #.#
#......###......# #.#
########........# #.#
#....#.#......# #.#
#.##♣#.#......# #.#
###.##5#.#......#####.#
#..>...................
#..)...................
##........#......#######
#......###########
#.....## #.....# #.....#


You could see a lemure.

Vanquished Creatures
  An ice beast (D:7)
  A black bear (D:6)
  An ogre (D:6)
  A lemure (D:4)
  A scorpion (D:6)
  3 hounds
  Crazy Yiuf (D:2)
  An orc priest (D:3)
  A gnoll bouda (D:5)
  An orc wizard (D:4)
  10 gnolls
  3 adders
  A shadow imp (D:5)
  3 worms
  2 dart slugs
  11 orcs
  3 bats
  7 endoplasms
  4 giant cockroaches
  5 goblins
  9 hobgoblins
  9 kobolds
  2 quokkas
  2 ball pythons
  7 rats
90 creatures vanquished.

Notes
Turn   | Place    | Note
-------+----------+-------------------------------------------
     0 | D:1      | cforsyth the Kobold Brigand began the quest for the Orb.
     0 | D:1      | Reached XP level 1. HP: 12/12 MP: 1/1
    79 | D:1      | Reached XP level 2. HP: 18/18 MP: 2/2
   193 | D:1      | Reached XP level 3. HP: 22/22 MP: 3/3
  1197 | D:2      | Reached XP level 4. HP: 28/28 MP: 4/4
  1489 | D:2      | Found a runed translucent door.
  1492 | D:2      | Noticed Crazy Yiuf
  1497 | D:2      | Killed Crazy Yiuf
  1498 | D:2      | Reached skill level 6 in Stealth
  1703 | D:3      | Got the Secrets of Malediction
  1840 | D:3      | Reached XP level 5. HP: 32/32 MP: 5/5
  1905 | D:3      | Found Papsin's Distillery.
  2142 | D:3      | Identified the +11 whip "Orghen" {flame, Dex+3}
  2697 | D:4      | Reached XP level 6. HP: 38/38 MP: 6/6
  2703 | D:4      | You fall into a shaft and drop 3 floors!
  2704 | D:7      | Noticed an ice beast
  2708 | D:7      | Killed an ice beast
  2742 | D:7      | Noticed a steam dragon
  2770 | D:6      | Noticed a yak
  2797 | D:6      | Noticed a black bear
  2802 | D:6      | Gained mutation: You sometimes lose your temper in combat.
                  | [potion of mutation]
  2802 | D:6      | Gained mutation: Your mind is acute. (Int +4, Str/Dex -1)
                  | [potion of mutation]
  2802 | D:6      | Gained mutation: You expend magic power (3 MP) to
                  | strengthen your wands. [potion of mutation]
  2802 | D:6      | Gained mutation: You have large cloven feet. [potion of
                  | mutation]
  2803 | D:6      | Lost mutation: You have large cloven feet. [potion of
                  | mutation]
  2803 | D:6      | Lost mutation: Your mind is acute. (Int +4, Str/Dex -1)
                  | [potion of mutation]
  2803 | D:6      | Gained mutation: You are agile. (Dex +4, Str/Int -1)
                  | [potion of mutation]
  2803 | D:6      | Gained mutation: You are covered in fur. (AC +1) [potion of
                  | mutation]
  2803 | D:6      | Gained mutation: You are robust. (+10% HP) [potion of
                  | mutation]
  2804 | D:6      | Lost mutation: You expend magic power (3 MP) to strengthen
                  | your wands. [potion of mutation]
  2804 | D:6      | Lost mutation: You sometimes lose your temper in combat.
                  | [potion of mutation]
  2804 | D:6      | Gained mutation: You are dopey. (Int -2) [potion of
                  | mutation]
  2804 | D:6      | Gained mutation: Your spells are a little harder to cast,
                  | but a little more powerful. [potion of mutation]
  2812 | D:6      | Killed a black bear
  2813 | D:6      | Reached skill level 5 in Short Blades
  2813 | D:6      | Reached skill level 7 in Stealth
  2813 | D:6      | Reached XP level 7. HP: 48/48 MP: 7/7
  3114 | D:5      | Entered Level 5 of the Dungeon
  4091 | D:5      | Reached skill level 5 in Fighting
  4104 | D:5      | Reached XP level 8. HP: 50/53 MP: 8/8
  4377 | D:4      | HP: 3/79 [lemure[Pikel] (1)]
  4385 | D:4      | Slain by a lemure

Illustrated notes

Levels and vault maps discovered:
D:1:      arrival_zaba_pyramid, layout_basic, minmay_misc_feat_plants,
          hex_intersection
D:2:      layout_rooms, uniq_crazy_yiuf_cottage
D:3:      layout_loops_corners, serial_shops, shop_statue
D:4:      layout_basic
D:5:      layout_rooms, uniq_pikel
D:6:      minmay_chambers_of_threes, layout_basic,
          mainiacjoe_overflow_concentric_impassable,
          minmay_temple_entry_statues_fountains, uniq_grinder
D:7:      layout_basic, gammafunk_ghost_hive, minivault_26

Skill      XL: |  1  2  3  4  5  6  7 |
---------------+----------------------+-----
Short Blades   | 3 4 5 6 |  6.0
Dodging        | 2 3 4 |  4.9
Fighting       | 3 4 5 |  5.1
Stealth        | 6 7 |  7.9
Throwing       | |  2.1

Action                     |  1- 3 |  4- 6 |  7- 9 || total
---------------------------+-------+-------+-------++-------
  Melee: Dagger            |    17 |       |       ||    17
         Short sword       |    43 |    61 |   114 ||   218
         Punch             |       |       |     6 ||     6
    Use: Potion            |       |     5 |     7 ||    12
   Stab: Sleeping          |    15 |    20 |     8 ||    43
         Distracted        |       |     1 |       ||     1
 Armour: Robe              |     9 |     3 |    25 ||    37
         Skin              |       |     8 |     6 ||    14
  Dodge: Dodged            |    26 |    23 |   124 ||   173

Table legend: (Time is in decaauts)
 A = Elapsed time spent in this place.
 B = Non-inter-level travel time spent in this place.
 C = Inter-level travel time spent in this place.
 D = Time resting spent in this place.
 E = Time spent auto-exploring this place.
 F = Levels seen in this place.
 G = Mean time per level.
                   A        B        C        D        E       F      G
               +--------+--------+--------+--------+--------+-----+--------+
         Total |   4330 |   4217 |    113 |    584 |   2924 |   7 |  618.6 |
       Dungeon |   4330 |   4217 |    113 |    584 |   2924 |   7 |  618.6 |
               +--------+--------+--------+--------+--------+-----+--------+

Top non-repeatable levels by time:
     D:1: 1037 daAuts
     D:3: 987 daAuts
     D:4: 916 daAuts
     D:2: 608 daAuts
     D:5: 372 daAuts
     D:6: 350 daAuts
     D:7: 57 daAuts
